 Dungeon Crawl Stone Soup version 0.29-a0-512-gf59ac788ac (webtiles) character file.

Game seed: 7734384488119516901

340 pokeman the Magician (level 6, 0/34 HPs)
             Began as a Deep Elf Hedge Wizard on May 29, 2022.
             Slain by a bullfrog (7 damage)
             ... on level 4 of the Dungeon.
             The game lasted 00:07:28 (4278 turns).

pokeman the Magician (Deep Elf Hedge Wizard)        Turns: 4278, Time: 00:07:28

Health: 0/34       AC:  4    Str:  7    XL:     6   Next: 30%
Magic:  5/17       EV: 12    Int: 21    God:
Gold:   174        SH:  0    Dex: 14    Spells: 7/18 levels left

rFire   . . .      SeeInvis .   t - +5 scythe "Finisher" {speed, eviscerate}
rCold   . . .      Faith    .   (shield currently unavailable)
rNeg    . . .      Spirit   .   e - +0 leather armour
rPois   .          Reflect  .   c - +0 hat
rElec   .          Harm     .   (no cloak)
rCorr   .          Rampage  .   (no gloves)
Will    .....                   b - +0 pair of boots
Stlth   ++........              l - amulet of the acrobat
HPRegen 0.11/turn               (no ring)
MPRegen 0.15/turn               (no ring)

@: on blink cooldown, very slightly contaminated
A: no striking features
a: no special abilities


You were on level 4 of the Dungeon.
You visited 1 branch of the dungeon, and saw 4 of its levels.

You collected 174 gold pieces.

Inventory:

Hand Weapons
 t - the +5 scythe "Finisher" (weapon) {speed, eviscerate}
   (You found it on level 4 of the Dungeon)

   Attacks with this weapon are significantly faster.
   It may eviscerate those it strikes, slaying them instantly, with a decreasing
   chance against stronger foes.
Armour
 b - a +0 pair of boots (worn)
 c - a +0 hat (worn)
 e - a +0 leather armour (worn)
Jewellery
 a - a ring of fire
 l - an amulet of the acrobat (around neck)
Scrolls
 f - 3 scrolls of teleportation {unknown}
 i - a scroll of immolation {unknown}
 j - a scroll of blinking {unknown}
 m - a scroll of fear {unknown}
 n - 2 scrolls of identify {unknown}
 o - 3 scrolls of fog {unknown}
 q - a scroll of vulnerability {unknown}
 r - a scroll of amnesia {unknown}
Potions
 d - a potion of magic
 g - a potion of resistance {unknown}
 h - a potion of degeneration {unknown}
 k - a potion of brilliance {unknown}
 p - 2 potions of mutation {unknown}


   Skills:
 + Level 1.0 Fighting
 - Level 1.0 Armour
 - Level 3.2 Dodging
 - Level 3.1 Stealth
 * Level 6.9 Spellcasting
 + Level 3.2 Conjurations
 - Level 1.1 Summonings
 - Level 1.1 Translocations
 + Level 1.0 Fire Magic
 - Level 1.0 Air Magic
 - Level 1.2 Poison Magic


You had 7 spell levels left.
You knew the following spells:

 Your Spells              Type           Power      Damage    Failure   Level
a - Magic Dart            Conj           80%        1d7       3%          1
b - Mephitic Cloud        Conj/Pois/Air  15%        N/A       19%         3
c - Call Imp              Summ           11%        N/A       12%         2
d - Blink                 Tloc           22%        N/A       12%         2
e - Conjure Flame         Conj/Fire      16%        6-21      16%         3

Your spell library contained the following spells:

 Spells                   Type           Power      Damage    Failure   Level
 Beastly Appendage        Tmut           14%        N/A       13%         1
 Slow                     Hex            28%        N/A       13%         1
 Wereblood                Tmut           7%         N/A       21%         2
 Spider Form              Tmut/Pois      9%         N/A       30%         3


Dungeon Overview and Level Annotations

Branches:
Dungeon (4/15)
 Temple: D:4-7

Altars:
Cheibriados
Qazlal


Message History

You closely miss the bullfrog.
The bullfrog is severely wounded.
The bullfrog hits you. The bullfrog closely misses you.
Unknown command.
Reach: t) +5 scythe "Finisher" {speed, eviscerate}
Press: ? - help, Dir - move target, f/p - bullfrog
Aim: a bullfrog (severely wounded, about 53% to evade the +5 scythe "Finisher")
You completely miss the bullfrog.
The bullfrog is severely wounded.
The bullfrog completely misses you. The bullfrog hits you.
Unknown command.
Reach: t) +5 scythe "Finisher" {speed, eviscerate}
Press: ? - help, Dir - move target, f/p - bullfrog
Aim: a bullfrog (severely wounded, about 53% to evade the +5 scythe "Finisher")
You barely miss the bullfrog.
The bullfrog is severely wounded.
The bullfrog hits you.
* * * LOW HITPOINT WARNING * * *
The bullfrog barely misses you.
Your magical contamination has completely faded away.
Casting: Magic Dart (safe; 3% risk of failure)
Confirm with . or Enter, or press ? or * to list all spells.
You blink.
Casting: Blink (safe; 12% risk of failure)
Confirm with . or Enter, or press ? or * to list all spells.
The spell is quite dangerous to miscast (19% risk of failure)!
Continue anyway?
Aiming: Mephitic Cloud (quite dangerous; 19% risk of failure)
Press: ? - help, Shift-Dir - straight line, p - bullfrog You miscast Mephitic Cloud.
You are very lightly contaminated with residual magic.
Nothing appears to happen.
Unknown command.
Casting: Mephitic Cloud (quite dangerous; 19% risk of failure)
Confirm with . or Enter, or press ? or * to list all spells.
Aiming: Magic Dart (safe; 3% risk of failure)
Press: ? - help, Shift-Dir - straight line The magic dart hits the bullfrog.
The bullfrog is severely wounded.
The bullfrog hits you!
You die...

...##################
...#.......#........#####
(..#.......#........#...#
...#.......#.>........#.###.
...............)............
>..#.......#.........#......
...........#########....#
...#........# #####ยง....#
#######..#...##.@F.....##
##.##.....#.#.##..$..
#.###....#.... .....
#............# #.##.#
##.##........ .# # #
##......##.. ......## ..
..##


You could see a bullfrog.

Vanquished Creatures
  A black bear (D:4)
  An ogre (D:3)
  7 gnolls
  3 adders
  2 worms
  2 dart slugs (D:3)
  A bat (D:3)
  8 endoplasms
  3 giant cockroaches
  2 goblins
  4 hobgoblins
  3 quokkas
  12 ball pythons
  4 frilled lizards
  4 kobolds
  7 rats
64 creatures vanquished.

Notes
Turn   | Place    | Note
-------+----------+-------------------------------------------
     0 | D:1      | pokeman the Deep Elf Hedge Wizard began the quest for the
                  | Orb.
     0 | D:1      | Reached XP level 1. HP: 10/10 MP: 7/7
   294 | D:1      | Reached XP level 2. HP: 15/15 MP: 5/9
  1062 | D:2      | Reached skill level 5 in Spellcasting
  1062 | D:2      | Reached XP level 3. HP: 20/20 MP: 6/11
  1066 | D:2      | Learned a level 3 spell: Mephitic Cloud
  1069 | D:2      | Learned a level 2 spell: Call Imp
  1073 | D:2      | Learned a level 2 spell: Blink
  1077 | D:2      | Learned a level 3 spell: Conjure Flame
  1315 | D:2      | Found a faded altar of an unknown god.
  1613 | D:2      | Reached skill level 1 in Armour
  1614 | D:2      | Reached skill level 1 in Fighting
  2214 | D:2      | HP: 1/20 [gnoll/+0 flail (10)]
  2545 | D:2      | Reached XP level 4. HP: 25/25 MP: 3/13
  2913 | D:3      | Found a snail-covered altar of Cheibriados.
  3080 | D:3      | Found a stormy altar of Qazlal.
  3090 | D:3      | Reached skill level 1 in Fire Magic
  3461 | D:3      | Noticed an ogre
  3469 | D:3      | Killed an ogre
  3470 | D:3      | Reached skill level 6 in Spellcasting
  3470 | D:3      | Reached skill level 1 in Air Magic
  3470 | D:3      | Reached XP level 5. HP: 17/29 MP: 4/15
  4149 | D:4      | Noticed a black bear
  4158 | D:4      | Killed a black bear
  4159 | D:4      | Reached skill level 1 in Poison Magic
  4159 | D:4      | Reached XP level 6. HP: 34/34 MP: 13/17
  4200 | D:4      | Found the +5 scythe "Finisher" {speed, eviscerate}
  4278 | D:4      | Slain by a bullfrog

Illustrated notes

Levels and vault maps discovered:
D:1:      amcnicky_arrival_single_pillar, layout_loops_ring
D:2:      layout_loops_corners, hellmonk_ecumenical_altar_pennies_from_heaven
D:3:      layout_basic, mainiacjoe_overflow_cross_hatched,
          kennysheep_slug_shrine
D:4:      layout_rooms, mainiacjoe_overflow_surrounded_room,
          minmay_ogre_servants

Skill      XL: |  1  2  3  4  5 |
---------------+----------------+-----
Spellcasting   | 5 6 |  6.9
Armour         | 1 |  1.0
Fighting       | 1 |  1.0
Conjurations   | 2 3 |  3.2
Fire Magic     | 1 |  1.0
Dodging        | 3 |  3.2
Air Magic      | 1 |  1.0
Stealth        | 3 |  3.1
Poison Magic   | 1 |  1.2
Summonings     | |  1.1
Translocations | |  1.1

Action                   |  1- 3 |  4- 6 || total
-------------------------+-------+-------++-------
Melee: Dagger            |    21 |     9 ||    30
       Flail             |       |     3 ||     3
       Scythe            |       |     8 ||     8
 Cast: Magic Dart        |    87 |    48 ||   135
       Mephitic Cloud    |     2 |     3 ||     5
       Conjure Flame     |     1 |     3 ||     4
       Blink             |     1 |     1 ||     2
       Call Imp          |     1 |       ||     1
 Stab: Confused          |     1 |     1 ||     2
       Sleeping          |       |     1 ||     1
Armor: Leather armour    |     9 |     4 ||    13
Dodge: Dodged            |    27 |    15 ||    42

Table legend: (Time is in decaauts)
 A = Elapsed time spent in this place.
 B = Non-inter-level travel time spent in this place.
 C = Inter-level travel time spent in this place.
 D = Time resting spent in this place.
 E = Time spent auto-exploring this place.
 F = Levels seen in this place.
 G = Mean time per level.
                   A        B        C        D        E       F      G
               +--------+--------+--------+--------+--------+-----+--------+
         Total |   4283 |   4125 |    158 |    427 |   3264 |   4 | 1070.8 |
       Dungeon |   4283 |   4125 |    158 |    427 |   3264 |   4 | 1070.8 |
               +--------+--------+--------+--------+--------+-----+--------+

Top non-repeatable levels by time:
     D:2: 1469 daAuts
     D:3: 1376 daAuts
     D:1: 1290 daAuts
     D:4: 147 daAuts
